 Dungeon Crawl Stone Soup version 0.22.0 (webtiles) character file.

191 nicolaieve the Cudgeler (level 5, -1/67 HPs)
             Began as a Minotaur Berserker on Aug 11, 2018.
             Was a Believer of Trog.
             Slain by an orc wizard
             ... wielding a +0 dagger
              (2 damage)
             ... on level 3 of the Dungeon.
             The game lasted 00:08:07 (1385 turns).

nicolaieve the Cudgeler (Minotaur Berserker)        Turns: 1385, Time: 00:08:07

Health: -1/67      AC:  2    Str: 26    XL:     5   Next: 42%
Magic:  4/4        EV: 12    Int:  4    God:    Trog [**....]
Gold:   74         SH:  0    Dex: 11    Spells: 4/4 levels left

rFire    . . .     SeeInvis .   e - +0 whip
rCold    . . .     Gourm    .   (no shield)
rNeg     . . .     Faith    .   b - +0 animal skin
rPois    .         Spirit   .   (helmet restricted)
rElec    .         Reflect  .   (no cloak)
rCorr    .         Harm     .   (no gloves)
MR       .....                  (no boots)
Stlth    ..........             (no amulet)
HPRegen  0.21/turn              (no ring)
MPRegen  0.09/turn              (no ring)

@: berserking, very quick
A: retaliatory headbutt, horns 2
a: Berserk, Trog's Hand, Renounce Religion


You were on level 3 of the Dungeon.
You worshipped Trog.
Trog was pleased with you.
You were near starving.

You visited 1 branch of the dungeon, and saw 3 of its levels.

You collected 74 gold pieces.

Inventory:

Hand Weapons
 e - a +0 whip (weapon)
Armour
 b - a +0 animal skin (worn)
Jewellery
 i - a cursed -2 ring of dexterity {unknown}
Scrolls
 a - 4 scrolls of remove curse {unknown}
 g - a scroll of enchant armour {unknown}
 h - 2 scrolls of amnesia {unknown}
 j - a scroll of teleportation {unknown}
 l - a scroll of identify {unknown}
 m - a scroll of enchant weapon {unknown}
 p - a scroll of fear {unknown}
 q - a scroll of fog {unknown}
Potions
 f - a potion of lignification {unknown}
 k - a potion of might {unknown}
 n - a potion of cancellation {unknown}
 o - a potion of mutation {unknown}
Comestibles
 c - 4 rations
 d - 2 chunks of flesh


   Skills:
 - Level 3.6 Fighting
 + Level 7.5 Maces & Flails
 - Level 2.4 Armour
 - Level 2.1 Dodging


You had 4 spell levels left.
You didn't know any spells.
Your spell library was empty.

Dungeon Overview and Level Annotations

Branches:
Dungeon (3/15)

Altars:


Innate Abilities, Weirdness & Mutations

You reflexively headbutt those who attack you in melee.
You have a pair of horns on your head.


Message History

The rat twitches its whiskers.
You hit the orc wizard.
The orc wizard is heavily wounded.
A bat comes into view.
The orc wizard gestures at you while chanting.
The puff of flame hits you! The orc hits you with a flail!
* * * LOW HITPOINT WARNING * * *
The bat moves out of view.
A red film seems to cover your vision as you go berserk!
You feel yourself moving faster!
You feel mighty!
You are near starving!
The orc wizard hits you with a dagger!
* * * LOW HITPOINT WARNING * * *
The orc hits you with a flail!
* * * LOW HITPOINT WARNING * * *
Unknown command.
You barely miss the orc. Your headbutt misses the orc.
The orc is lightly wounded.
The orc wizard hits you with a dagger.
You die...

### #.. # ########.# #.
#.....##.# #..
#.....##.## #...
#...†((..##.###### #....
#.....##.##.##....
#...gr#o)...##..........
....Kgo@....##.####..<..
#....g########)####.####
..### #...........#
#######.#######
...............
...............
############... ..


You could see an orc wizard, an orc, a hobgoblin, 2 goblins, a kobold and a rat.

Vanquished Creatures
  A centaur (D:2)
  A hound (D:2)
  3 adders
  2 oozes
  2 dart slugs (D:1)
  2 leopard geckos
  2 orcs (D:3)
  2 giant cockroaches
  4 goblins
  6 hobgoblins
  A quokka (D:3)
  6 bats
  2 frilled lizards (D:1)
  6 kobolds
  2 rats
42 creatures vanquished.

Notes
Turn   | Place    | Note
-------+----------+-------------------------------------------
     0 | D:1      | nicolaieve the Minotaur Berserker began the quest for the Orb.
     0 | D:1      | Reached XP level 1. HP: 19/19 MP: 0/0
    69 | D:1      | Reached skill level 4 in Maces & Flails
    69 | D:1      | Reached XP level 2. HP: 23/26 MP: 1/1
   303 | D:1      | Reached skill level 5 in Maces & Flails
   475 | D:1      | Reached ** piety under Trog
   636 | D:1      | Reached XP level 3. HP: 30/31 MP: 2/2
   946 | D:2      | Reached skill level 6 in Maces & Flails
   946 | D:2      | Reached XP level 4. HP: 24/39 MP: 3/3
   972 | D:2      | Noticed a centaur
   987 | D:2      | Killed a centaur
   987 | D:2      | Reached skill level 7 in Maces & Flails
   987 | D:2      | Reached XP level 5. HP: 13/45 MP: 4/4
  1144 | D:2      | Found a faded altar of an unknown god.
  1384 | D:3      | HP: 1/67 [orc/flail (7)]
  1385 | D:3      | Slain by an orc wizard

Skill      XL: |  1  2  3  4 |
---------------+-------------+-----
Maces & Flails | 4 5 6 7 |  7.5
Fighting       | |  3.6
Armour         | |  2.4
Dodging        | |  2.1

Action                   |  1- 3 |  4- 6 || total
-------------------------+-------+-------++-------
Melee: Mace              |    13 |       ||    13
       Headbutt          |    10 |     4 ||    14
       Whip              |    45 |    46 ||    91
Invok: Berserk           |       |     1 ||     1
  Eat: Chunk             |       |     1 ||     1
Armor: Animal skin       |     9 |     5 ||    14
Dodge: Dodged            |    40 |    28 ||    68
